 Dungeon Crawl Stone Soup version 0.28-a0-1524-ge72afd5fc6 (webtiles) character file.

Game seed: 4642930090622131194

2 psuckher the Sneak (level 1, -5/18 HPs)
             Began as a Barachi Delver on Jan 17, 2022.
             Slain by a worm (9 damage)
             ... on level 5 of the Dungeon.
             The game lasted 00:00:25 (54 turns).

psuckher the Sneak (Barachi Delver)                   Turns: 54, Time: 00:00:26

Health: -5/18      AC:  3    Str: 13    XL:     1   Next: 40%
Magic:  1/1        EV: 12    Int: 10    God:
Gold:   10         SH:  0    Dex: 13    Spells: 0/0 levels left

rFire   . . .      SeeInvis .   a - +0 falchion
rCold   . . .      Faith    .   (no shield)
rNeg    . . .      Spirit   .   b - +0 leather armour
rPois   .          Reflect  .   (no helmet)
rElec   .          Harm     .   (no cloak)
rCorr   .          Rampage  .   (no gloves)
Will    .....                   (no boots)
Stlth   ++........              (no amulet)
HPRegen 0.06/turn               (no ring)
MPRegen 0.07/turn               (no ring)

@: slow
A: amphibious, slowness 1, strong legs 1, +LOS
a: Hop


You were on level 5 of the Dungeon.
You visited 1 branch of the dungeon, and saw 1 of its levels.

You collected 10 gold pieces.

Inventory:

Hand Weapons
 a - a +0 falchion (weapon)
Armour
 b - a +0 leather armour (worn)
Wands
 g - a wand of digging (3)
Scrolls
 c - a scroll of fog
 d - a scroll of magic mapping
Potions
 f - a potion of haste


   Skills:
 + Level 3.6 Fighting
 + Level 2.4 Long Blades
 + Level 2.3 Dodging
 + Level 4.6 Stealth


You couldn't memorise any spells.
You didn't know any spells.
Your spell library was empty.

Dungeon Overview and Level Annotations

Branches:
Dungeon (5/15)
 Temple: D:4-7

Altars:


Innate Abilities, Weirdness & Mutations

You are amphibious.
You cover ground slowly.
You can hop short distances.
You have an extended range of vision and can be seen from far away.


Message History

You hit the quokka.
The quokka is moderately wounded.
The quokka closely misses you. x2
You barely miss the quokka.
The quokka is moderately wounded.
The quokka bites you.
You hit the quokka.
You kill the quokka!
You hear the slow rusting of a drain very nearby.
You slash the worm!
The worm is moderately wounded.
You hit the worm.
The worm is heavily wounded.
The worm bites you.
You hit the worm but do no damage. Your punch misses the worm.
The worm is moderately wounded.
The worm bites you.
You hit the worm but do no damage.
The worm is moderately wounded.
The worm bites you.
* * * LOW HITPOINT WARNING * * *
As you read the scroll of fear, it crumbles to dust.
You assume a fearsome visage.
The worm looks frightened!
You hit the worm.
Your attack snaps the worm out of its fear.
The worm is heavily wounded.
The worm bites you but does no damage.
You barely miss the worm.
The worm is heavily wounded.
The worm bites you but does no damage.
You hit the worm.
The worm is heavily wounded.
You hit the worm.
The worm is severely wounded.
The worm barely misses you.
You completely miss the worm.
The worm is severely wounded.
The worm bites you!
Ouch! That really hurt!
You die...

.... #. ≈≈≈
#...###.#### #≈#
.........## #≈# #
#........# #≈# #
#...#...# ##≈## ##
#....####≈≈≈# .##
####......#≈≈≈#
..###.....###.##w#
........### #..#@#
#.##...## ##...#
.....### #####
.###.# # #.# ...
... .... ..##.


You could see a worm.

Vanquished Creatures
  2 quokkas (D:5)
2 creatures vanquished.

Notes
Turn   | Place    | Note
-------+----------+-------------------------------------------
     0 | D:5      | psuckher the Barachi Delver began the quest for the Orb.
     0 | D:5      | Reached XP level 1. HP: 18/18 MP: 1/1
    54 | D:5      | Slain by a worm

Illustrated notes

Levels and vault maps discovered:
D:5:      layout_cave_pools, evilmike_ruin_ashenzari,
          minmay_temple_entry_antechambers, gup_sewer_entry_bubbles,
          hangedman_abyss_or_decor_stabs

Action                   || total
-------------------------++-------
Melee: Falchion          ||    17
  Use: Scroll            ||     1
Armor: Leather armour    ||     2
Dodge: Dodged            ||     6

Table legend: (Time is in decaauts)
 A = Elapsed time spent in this place.
 B = Non-inter-level travel time spent in this place.
 C = Inter-level travel time spent in this place.
 D = Time resting spent in this place.
 E = Time spent auto-exploring this place.
 F = Levels seen in this place.
 G = Mean time per level.
                   A        B        C        D        E       F      G
               +--------+--------+--------+--------+--------+-----+--------+
         Total |     64 |     64 |      0 |      0 |      0 |   1 |   64.0 |
       Dungeon |     64 |     64 |      0 |      0 |      0 |   1 |   64.0 |
               +--------+--------+--------+--------+--------+-----+--------+

Top non-repeatable levels by time:
     D:5: 64 daAuts
